 Dungeon Crawl Stone Soup version 0.31.0-4-g52a2dc7128 (webtiles) character file.

Game seed: 191950917635054896

13997 McKennaii the Destroyer (level 11, -12/74 HPs)
             Began as a Demigod Conjurer on Jan 23, 2024.
             Mangled by a cyclops (26 damage)
             ... on level 11 of the Dungeon.
             The game lasted 00:23:05 (13960 turns).

McKennaii the Destroyer (Demigod Conjurer)         Turns: 13960, Time: 00:23:06

Health: -12/74     AC:  7    Str:  8    XL:     11   Next: 53%
Magic:  28/40      EV: 12    Int: 32    God:
Gold:   533        SH:  0    Dex: 12    Spells: 26/33 levels left

rFire   . . .        L - +4 trident (drain)
rCold   . . .        (no shield)
rNeg    . . .        P - +0 steam dragon scales
rPois   .            (no helmet)
rElec   .            D - +0 cloak {Will+}
rCorr   .            (no gloves)
SInv    .            a - +0 pair of boots
Will    ++...        N - amulet of regeneration
Stlth   ++           j - ring of magical power
HPRegen 1.12/turn    H - ring of flight
MPRegen 0.27/turn

%: no passive effects
@: flying
A: high MP 1, forlorn, divine attributes
a: no special abilities


You were on level 11 of the Dungeon.
You visited 1 branch of the dungeon, and saw 11 of its levels.
You also visited: Ossuary and Bailey.

You collected 1289 gold pieces.
You spent 756 gold pieces at shops.

Inventory:

Hand Weapons
 L - a +4 trident of draining (weapon)
 O - a +0 scimitar of flaming
Missiles
 g - 2 throwing nets
Armour
 a - a +0 pair of boots (worn)
 D - a +0 cloak of willpower (worn)
 P - +0 steam dragon scales (worn)
Jewellery
 j - a ring of magical power (left hand)
 o - a ring of positive energy
 v - a +6 ring of strength
 H - a ring of flight (right hand)
 N - an amulet of regeneration (around neck)
 Q - a ring of resist corrosion
Wands
 E - a wand of polymorph (14)
 M - a wand of quicksilver (13)
 R - a wand of iceblast (7)
 S - a wand of digging (3)
Scrolls
 f - 3 scrolls of poison {unknown}
 h - 4 scrolls of vulnerability {unknown}
 i - 2 scrolls of fear {unknown}
 l - a scroll of acquirement {unknown}
 n - 7 scrolls of teleportation
 p - a scroll of fog {unknown}
 q - 2 scrolls of revelation {unknown}
 u - a scroll of enchant armour {unknown}
 w - 4 scrolls of identify {unknown}
 x - 2 scrolls of enchant weapon {unknown}
 y - 2 scrolls of blinking {unknown}
 z - 3 scrolls of immolation {unknown}
 A - 6 scrolls of silence {unknown}
 G - 2 scrolls of amnesia {unknown}
 I - a scroll of noise {unknown}
 T - a scroll of torment {unknown}
Potions
 b - a potion of magic
 c - 4 potions of brilliance {unknown}
 d - 4 potions of curing
 e - 2 potions of resistance {unknown}
 k - 6 potions of mutation {unknown}
 m - 3 potions of attraction {unknown}
 r - 5 potions of heal wounds
 s - 5 potions of haste
 t - a potion of enlightenment {unknown}
 B - a potion of lignification {unknown}
 C - 2 potions of invisibility
 F - 5 potions of might
 K - 3 potions of ambrosia
Miscellaneous
 J - a lightning rod (3/4)


   Skills:
 - Level 1.7 Dodging
 - Level 1.7 Stealth
 + Level 11.7 Spellcasting
 + Level 13.0 Conjurations


You had 26 spell levels left.
You knew the following spells:

 Your Spells              Type           Power      Damage    Failure   Level
a - Magic Dart            Conj           100%       1d8       0%          1
b - Searing Ray           Conj           100%       2d8       1%          2
c - Iskenderun's Mystic   Conj/Tloc      57%        2d12      1%          4

Your spell library contained the following spells:

 Spells                   Type           Power      Damage    Failure   Level
 Momentum Strike          Conj/Tloc      100%       3d10      1%          2
 Fulminant Prism          Conj/Alch      28%        3d14      1%          4
 Blink                    Tloc           36%        N/A       3%          2
 Lesser Beckoning         Tloc           36%        N/A       3%          2
 Passage of Golubria      Tloc           18%        N/A       26%         4
 Silence                  Hex/Air        9%         N/A       56%         5
 Lehudib's Crystal Spear  Conj/Erth      28%        10d8      100%        8


Dungeon Overview and Level Annotations

Branches:
Dungeon (11/15)            Temple (0/1) D:6            Lair (0/5) D:10
    Orc (0/2) D:9         Ossuary (visited)          Bailey (visited)

Shops:
D:2 [*   D:3 [   D:9 !   D:10 :


Innate Abilities, Weirdness & Mutations

You have an increased reservoir of magic. (+10% MP)
You shall have no god before yourself.
Your divine heritage dramatically boosts your attributes as you level up.


Message History

You now have 517 gold pieces (gained 19).
You hear the stately tolling of a distant bell.
You now have 533 gold pieces (gained 16).
Found 6 boomerangs.
A cyclops comes into view.
The cyclops shouts!
Casting: Searing Ray (safe; 1% risk of failure)
Confirm with . or Enter, or press ? or * to list all spells.
Aiming: Searing Ray (safe; 1% risk of failure)
Press: ? - help, Shift-Dir - straight line, f - cyclops
Aim: a cyclops, quivering large rocks (98% to hit)
The searing ray hits the cyclops!
The cyclops is lightly wounded. (Press . to maintain the ray.)
The cyclops hits you!!
The searing ray hits the cyclops!
The cyclops is moderately wounded.
The searing ray hits the cyclops.
The cyclops is heavily wounded.
The cyclops hits you!!
The searing ray hits the cyclops but does no damage.
The cyclops is heavily wounded.
You finish channelling your searing ray.
The cyclops hits you!!
* * * LOW HITPOINT WARNING * * *
Unknown command.
Casting: Searing Ray (safe; 1% risk of failure)
Confirm with . or Enter, or press ? or * to list all spells.
You erupt in a blast of force!
The mystic blast hits the cyclops.
The cyclops is heavily wounded.
The cyclops is knocked back by the mystic blast.
The cyclops slams into the rock wall!
The cyclops is severely wounded.
Unknown command.
Casting: Iskenderun's Mystic Blast (dangerous; 1% risk of failure)
Confirm with . or Enter, or press ? or * to list all spells.
You erupt in a blast of force!
The mystic blast hits the cyclops.
The cyclops is severely wounded.
The cyclops hits you!!
You die...

#......................#
##...........#######.#.#
#...........# ###.#.#
####.....#+## #.....#
#.###.# #.....# #. #.#
#..#..# #.
#.#.######.##..#
#........##..#
######@####..#
#....C.....#
#.#.######.# # .. ..#
(.. ####


You could see a cyclops.

Vanquished Creatures
  Josephine (D:10)
  Erica (D:8)
  2 two-headed ogres (D:9)
  An orc knight (Bailey)
  Maggie (D:8)
  Jeremiah (D:8)
  A komodo dragon (D:10)
  A kobold demonologist (D:9)
  A troll (D:9)
  A hornet (D:9)
  A shadow (D:10)
  12 yaks
  3 wyverns
  5 wraiths (D:10)
  2 steam dragons (D:9)
  An acid dragon (D:9)
  A swamp drake (D:9)
  2 water moccasins
  4 sky beasts
  6 orc warriors
  2 black bears
  3 centaurs
  2 ogres (D:5)
  3 ice beasts
  11 kobold brigands
  3 phantoms
  2 bullfrogs
  2 elf zombies (Ossuary)
  A gnoll sergeant (D:10)
  10 wights
  13 killer bees
  5 howler monkeys
  A bombardier beetle (D:4)
  5 human zombies (Ossuary)
  A jelly (D:6)
  7 hounds
  6 orc priests
  5 iguanas
  A sleepcap (D:8)
  9 orc wizards
  A scorpion zombie (D:5)
  2 crocodile zombies (Ossuary)
  3 spectral hounds (Ossuary)
  2 hound zombies (D:5)
  4 mummies (Ossuary)
  5 adders
  17 gnolls
  3 howler monkey skeletons (D:5)
  3 hound simulacra (Ossuary)
  3 shadow imps
  2 ufetubi (D:6)
  3 spectral adders (Ossuary)
  An adder zombie (D:5)
  2 spectral gnolls (Ossuary)
  An adder skeleton (D:5)
  5 dart slugs
  A ribbon worm (D:2)
  2 adder simulacra (Ossuary)
  31 orcs
  8 endoplasms
  4 giant cockroaches
  7 gnoll zombies (Ossuary)
  11 goblins
  6 hobgoblins
  37 kobolds
  6 quokkas
  7 ball pythons
  6 bats
  2 frilled lizards
  2 gnoll simulacra (Ossuary)
  2 jackal simulacra (Ossuary)
  3 kobold zombies (Ossuary)
  6 orc zombies (Ossuary)
  4 rats
  A spectral jackal (Ossuary)
343 creatures vanquished.

Notes
Turn   | Place    | Note
-------+----------+-------------------------------------------
     0 | D:1      | McKennaii the Demigod Conjurer began the quest for the Orb.
     0 | D:1      | Reached XP level 1. HP: 14/14 MP: 5/5
   241 | D:1      | Reached XP level 2. HP: 20/20 MP: 5/7
   244 | D:1      | Learned a level 2 spell: Searing Ray
   532 | D:1      | Reached skill level 4 in Conjurations
  1136 | D:2      | Found Teonig's General Store.
  1278 | D:2      | Found Qetradgh's Armour Boutique.
  1402 | D:2      | Reached XP level 3. HP: 26/26 MP: 6/9
  2195 | D:3      | Found Dysuag's Armour Emporium.
  2217 | D:3      | Reached XP level 4. HP: 32/33 MP: 11/11
  2774 | D:3      | Learned a level 4 spell: Iskenderun's Mystic Blast
  3099 | D:4      | Noticed a phantom
  3109 | D:4      | Killed a phantom
  3110 | D:4      | Reached skill level 5 in Conjurations
  3110 | D:4      | Reached XP level 5. HP: 33/38 MP: 13/13
  3266 | D:4      | Reached XP level 6. HP: 32/45 MP: 10/15
  3700 | D:5      | Entered Level 5 of the Dungeon
  3870 | D:5      | Reached skill level 6 in Conjurations
  4006 | D:5      | Reached XP level 7. HP: 47/50 MP: 7/17
  4012 | D:5      | Reached skill level 5 in Spellcasting
  4111 | D:5      | Found a sand-covered staircase.
  4130 | Ossuary  | Entered an ossuary
  4789 | Ossuary  | Reached skill level 7 in Conjurations
  5449 | Ossuary  | Reached XP level 8. HP: 52/53 MP: 19/20
  6403 | D:5      | Reached skill level 8 in Conjurations
  6808 | D:2      | Bought a +0 cloak of willpower for 126 gold pieces
  7290 | D:6      | Found a staircase to the Ecumenical Temple.
  7942 | D:7      | Found a flagged portal.
  7954 | D:7      | Reached XP level 9. HP: 45/62 MP: 15/24
  7963 | D:7      | Reached skill level 9 in Conjurations
  8034 | Bailey   | Entered a bailey
  8327 | Bailey   | Noticed an orc knight
  8374 | Bailey   | Killed an orc knight
  8630 | Bailey   | Reached skill level 10 in Conjurations
  8872 | Bailey   | Found the +3 giant club "Skullcrusher" {speed, Str+7}
  9886 | D:8      | Noticed Erica
  9976 | D:8      | Killed Erica
  9977 | D:8      | Reached XP level 10. HP: 47/69 MP: 23/27
 10242 | D:8      | Noticed Maggie
 10243 | D:8      | Noticed Jeremiah
 10257 | D:8      | Killed Jeremiah
 10261 | D:8      | Killed Maggie
 10690 | D:9      | Reached skill level 11 in Conjurations
 10786 | D:9      | Found Ibuopnek's Distillery.
 10793 | D:9      | Bought a potion of curing for 42 gold pieces
 10793 | D:9      | Bought a potion of heal wounds for 70 gold pieces
 10793 | D:9      | Bought a potion of haste for 140 gold pieces
 10793 | D:9      | Bought a potion of degeneration for 14 gold pieces
 10794 | D:9      | Bought a potion of ambrosia for 112 gold pieces
 10794 | D:9      | Bought a potion of invisibility for 112 gold pieces
 10794 | D:9      | Bought a potion of haste for 140 gold pieces
 11205 | D:9      | Reached skill level 10 in Spellcasting
 11206 | D:9      | Noticed a two-headed ogre
 11221 | D:9      | Killed a two-headed ogre
 11966 | D:9      | Noticed a two-headed ogre
 11975 | D:9      | Killed a two-headed ogre
 11976 | D:9      | Reached skill level 12 in Conjurations
 11976 | D:9      | Reached XP level 11. HP: 57/74 MP: 19/30
 12660 | D:9      | Found a staircase to the Orcish Mines.
 12817 | D:10     | Entered Level 10 of the Dungeon
 13021 | D:10     | Found a staircase to the Lair.
 13161 | D:10     | Found Upsofam's Book Shop.
 13244 | D:10     | Noticed Josephine
 13259 | D:10     | Killed Josephine
 13618 | D:10     | Reached skill level 13 in Conjurations
 13960 | D:11     | Mangled by a cyclops

Illustrated notes

Levels and vault maps discovered:
D:1:      psy_arrival_conway, layout_loops_cross,
          nicolae_concentric_dashed_squares_wild
D:2:      layout_basic, basic_altar, serial_shops, shop,
          nicolae_shop_statue_plus
D:3:      layout_loops_ring, ebering_ecumenical_altar_hall, serial_shops, shop
D:4:      layout_basic, jmf_multi_god_temple2
D:5:      layout_layer_cave, grunt_temple_overflow_octagram,
          mainiacjoe_ossuary_entry_find_the_door, serial_rivers,
          chequers_serial_rivers_small_a, chequers_serial_rivers_large_a,
          chequers_serial_rivers_room_a, chequers_serial_rivers_micro_a,
          chequers_serial_rivers_micro_d, dreamdust_gnoll_farm
D:6:      layout_basic, minmay_temple_entry_large_hall
D:7:      layout_rooms, enter_bailey_3, minmay_misc_feat_square, chequers_avenue
D:8:      layout_loops_ring, evilmike_ruin_ashenzari, uniq_jeremiah, uniq_erica,
          uniq_maggie
D:9:      minmay_spotlight, layout_gridville, erik_orc_1, serial_shops, shop,
          kennysheep_donut, hangedman_misty_isle
D:10:     layout_basic, grunt_lair_entry_orc_guard_hut, serial_shops, shop,
          hangedman_abyss_or_decor_stagger, uniq_josephine
D:11:     layout_basic, serial_shops, bzr_entry_water,
          nicolae_shop_firing_range, uniq_snorg

Skill      XL: |  1  2  3  4  5  6  7  8  9 10 11 |
---------------+----------------------------------+-----
Spellcasting   | 2 3 4 6 7 9 10 11 | 11.7
Conjurations   | 4 5 6 7 8 10 12 13 | 13.0
Dodging        | |  1.7
Stealth        | |  1.7

Action                     |  1- 3 |  4- 6 |  7- 9 | 10-12 || total
---------------------------+-------+-------+-------+-------++-------
  Melee: Unarmed           |    15 |    11 |     9 |       ||    35
         Trident           |       |       |       |    13 ||    13
   Cast: Magic Dart        |    78 |    83 |   180 |    95 ||   436
         Searing Ray       |     4 |    15 |   108 |    55 ||   182
         Iskenderun's Myst |       |       |    11 |    47 ||    58
  Evoke: Lightning rod     |       |       |       |     8 ||     8
    Use: Scroll            |       |       |     1 |       ||     1
 Armour: Robe              |    13 |    39 |   123 |     2 ||   177
         Steam dragon scal |       |       |       |   100 ||   100
  Dodge: Dodged            |    23 |    32 |   117 |    75 ||   247
